Portland Pirates vs Manchester Monarchs

Created - 8 janvier 2021 at 09:40

Goals
1 2 3 T
Portland Pirates 2 1 4 7
Manchester Monarchs 0 1 2 3
Shots
1 2 3 T
Portland Pirates 10 17 12 39
Manchester Monarchs 9 18 15 42

1st period

1. Portland Pirates , Nico Sturm 3 (Fabian Zetterlund 12) at 4:59
2. Portland Pirates , Eeli Tolvanen 24 (Dominic Toninato 27) at 11:31 (PP)

Penalties :
Vladimir Sobotka (MON) for Slashing (Minor) at 11:28

2nd period

3. Portland Pirates , Michael Amadio 10 (John Quenneville 9, Sebastian AhoD 6) at 5:40
4. Manchester Monarchs , Mason Appleton 17 (Milan Lucic 26, Brad Hunt 4) at 14:00

Penalties :
Milan Lucic (MON) for Hooking (Minor) at 9:01

3rd period

5. Manchester Monarchs , Victor Rask 15 (Alexandre Texier 14) at 2:47 (PP)
6. Manchester Monarchs , Nicolas Hague 5 (Egor Sharangovich 21, Ilya Lyubushkin 16) at 3:16 (PP)
7. Portland Pirates , Cole Bardreau 1 (Dominic Toninato 28) at 6:17
8. Portland Pirates , Fabian Zetterlund 4 (Sebastian AhoD 7, Nico Sturm 7) at 8:39
9. Portland Pirates , Eeli Tolvanen 25 (Dominic Toninato 29) at 16:03
10. Portland Pirates , Devante Stephens 1 (Frederic Allard 4) at 18:01

Penalties :
Lukas Vejdemo (PIR) for Hooking (Minor) at 2:08, Dominic Toninato (PIR) for Kneeing (Minor) at 2:54, Nick Seeler (MON) for Hooking (Minor) at 9:47, Brandon Hagel (MON) for Fighting (Major) at 19:51, Ben Thomas (PIR) for Fighting (Major) at 19:51, Ben Thomas (PIR) for instigated a fight (Minor) at 19:51, Ben Thomas (PIR) for instigated a fight (10 Minutes Misconduct) at 19:51

Goalie Stats

Max Lagace (PIR), 39 saves from 42 shots - (0,929), W, 8-7-2, 60:00 minutes
Jonas Johansson (MON), 32 saves from 39 shots - (0,821), L, 2-4-0, 60:00 minutes

Players Stats for Portland Pirates

Player Name              G  A  P  +/- PIM S  H  SB GA TA FO     MP     PP MP  PK MP  
------------------------------------------------------------------------------------
Andrew Nielsen           0  0  0   1  0   1  1  3  0  1  0/0    13:36   0:00   0:08 
Anthony Angello          0  0  0   0  0   0  0  0  0  0  0/0     0:20   0:02   0:00 
Ben Thomas               0  0  0   0  17  1  0  4  0  0  0/0    26:16   1:56   1:01 
Cole Bardreau            1  0  1   2  0   4  3  1  1  2  0/0    20:18   2:01   0:00 
David Kase               0  0  0   3  0   0  3  0  2  1  1/1    16:08   0:00   0:00 
Devante Stephens         1  0  1   4  0   4  1  1  0  1  0/0    20:07   2:05   0:00 
Dominic Toninato         0  3  3   2  2   4  2  0  1  0  20/37  23:30   2:07   0:47 
Eeli Tolvanen            2  0  2   2  0   6  4  0  3  0  1/3    20:36   2:07   0:00 
Fabian Zetterlund        1  1  2   3  0   3  1  0  0  0  2/4    16:33   0:02   0:22 
Filip Chlapik            0  0  0   0  0   0  0  0  0  0  0/0     3:24   0:00   0:00 
Frederic Allard          0  1  1   4  0   1  1  0  0  1  0/0    20:07   2:05   0:00 
John Quenneville         0  1  1   0  0   2  2  1  0  0  0/1    18:40   1:52   0:00 
Lukas Vejdemo            0  0  0   0  2   1  2  0  0  0  0/2    18:39   1:52   0:00 
Michael Amadio           1  0  1   0  0   2  0  2  1  1  3/9    22:31   1:52   1:09 
Nico Sturm               1  1  2   3  0   8  1  0  2  0  4/8    16:08   0:00   0:00 
Oliver Kylington         0  0  0   0  0   1  0  1  0  0  0/0    26:25   1:56   1:09 
Sebastian AhoD           0  2  2   1  0   1  0  1  0  0  0/0    13:28   0:00   0:00 
Tommy Novak              0  0  0   0  0   0  0  0  0  0  0/0     2:02   0:08   0:00 

Players Stats for Manchester Monarchs

Player Name              G  A  P  +/- PIM S  H  SB GA TA FO     MP     PP MP  PK MP  
------------------------------------------------------------------------------------
Alexandre Texier         0  1  1  -4  0   6  1  1  3  0  0/0    15:43   0:15   0:00 
Brad Hunt                0  1  1  -1  0   1  0  1  1  2  0/0    22:13   0:12   0:55 
Brandon Hagel            0  0  0  -1  5   1  3  1  0  0  0/1    15:15   0:00   1:11 
Connor Bunnaman          0  0  0   0  0   0  1  0  0  0  0/0     8:18   0:00   0:00 
Dmytro Timashov          0  0  0  -4  0   3  3  1  0  2  0/0    16:17   0:15   0:47 
Egor Sharangovich        0  1  1   0  0   1  1  0  0  0  14/26  18:55   0:54   1:02 
Ilya Lyubushkin          0  1  1  -1  0   2  3  0  0  2  0/0    25:28   0:57   2:04 
Karl Alzner              0  0  0  -2  0   1  3  2  0  1  0/0    24:23   0:12   2:04 
Kevin Gravel             0  0  0  -3  0   0  1  1  0  1  0/0    13:14   0:00   1:57 
Lukas Jasek              0  0  0   0  0   0  0  0  1  0  0/0     8:18   0:00   0:00 
Mason Appleton           1  0  1   0  0   8  1  0  1  0  0/1    19:08   0:54   1:02 
Milan Lucic              0  1  1   0  2   5  5  0  0  0  1/2    18:13   0:54   0:00 
Nick Seeler              0  0  0  -3  2   1  1  1  0  0  0/0    12:50   0:00   1:02 
Nicolas Hague            1  0  1   0  0   2  2  0  0  0  0/0    22:23   0:57   0:00 
Philipp Kurashev         0  0  0   0  0   2  0  0  0  0  1/2     8:18   0:00   0:00 
Tom Kuhnhackl            0  0  0  -1  0   3  2  1  0  1  0/0    16:11   0:00   2:06 
Victor Rask              1  0  1  -4  0   3  0  1  0  1  10/14  15:43   0:15   0:00 
Vladimir Sobotka         0  0  0  -1  2   3  1  0  1  0  8/19   15:05   0:00   1:54 

3 Stars

1 - Eeli Tolvanen (PIR)
2 - Fabian Zetterlund (PIR)
3 - Nico Sturm (PIR)

Power Play

Portland Pirates - 1 on 3 Attempt(s) - 33,33%
Manchester Monarchs - 2 on 3 Attempt(s) - 66,67%

Penalty Kill

Portland Pirates - 1 on 3 Attempt(s) - 33,33% - Score 0 goal in Penalty Kill
Manchester Monarchs - 2 on 3 Attempt(s) - 66,67% - Score 0 goal in Penalty Kill

Team Stat

Portland Pirates - Hits : 21 - Faceoff Wins : 31 - Blocked Shots : 14 - Penalty Minutes : 21
Manchester Monarchs - Hits : 28 - Faceoff Wins : 34 - Blocked Shots : 10 - Penalty Minutes : 11

Official

Referees : Chris Lee and Kendrick Nicholson
Linesman : Scott Driscoll and Dennis Urban

Game Notes

Brandon Hagel and Ben Thomas fight to a draw at 19:51 of 3rd period

Finance

Level 1 -- Attendance: 1764 (88,20%) -- Ticket Income 52 920 $
Level 2 -- Attendance: 936 (93,60%) -- Ticket Income 11 232 $
Total Attendance: 2700 (90,00%)
Total Ticket Income: 64 152 $
Other Income: 31 434 $
Total Income: 95 586 $

Portland Pirates

5 vs 5 Forward 
   Center                   Left Wing                Right Wing               Time % Phy DF OF 
 1 Dominic Toninato         Eeli Tolvanen            Cole Bardreau            40     1   2  2  
 2 Michael Amadio           John Quenneville         Lukas Vejdemo            30     1   2  2  
 3 Nico Sturm               David Kase               Fabian Zetterlund        20     1   2  2  
 4 Filip Chlapik            Dominic Toninato         Michael Amadio           10     1   2  2  

5 vs 5 Defense 
   Defense                  Defense                                           Time % Phy DF OF 
 1 Oliver Kylington         Ben Thomas                                        40     1   2  2  
 2 Frederic Allard          Devante Stephens                                  30     1   2  2  
 3 Sebastian AhoD           Andrew Nielsen                                    20     1   2  2  
 4 Oliver Kylington         Ben Thomas                                        10     1   2  2  

PowerPlay Forward 
   Center                   Left Wing                Right Wing               Time % Phy DF OF 
 1 Dominic Toninato         Eeli Tolvanen            Cole Bardreau            60     1   2  2  
 2 Michael Amadio           John Quenneville         Lukas Vejdemo            40     1   2  2  

PowerPlay Defense
   Defense                  Defense                                           Time % Phy DF OF 
 1 Oliver Kylington         Ben Thomas                                        60     1   2  2  
 2 Frederic Allard          Devante Stephens                                  40     1   2  2  

Penalty Kill 4 Players Forward 
   Center                   Wing                     Time % Phy DF OF 
 1 Dominic Toninato         Michael Amadio           60     1   2  2  
 2 Nico Sturm               Filip Chlapik            40     1   2  2  

Penalty Kill 4 Players Defense
   Defense                  Defense                  Time % Phy DF OF 
 1 Oliver Kylington         Ben Thomas               60     1   2  2  
 2 Frederic Allard          Devante Stephens         40     1   2  2  

Penalty Kill - 3 Players Forward 
   Forward                                           Time % Phy DF OF 
 1 Dominic Toninato                                  60     1   2  2  
 2 Michael Amadio                                    40     1   2  2  

Penalty Kill - 3 Players Defense
   Defense                  Defense                  Time % Phy DF OF 
 1 Oliver Kylington         Ben Thomas               60     1   2  2  
 2 Frederic Allard          Devante Stephens         40     1   2  2  

4 vs 4 Forward 
   Center                   Wing                     Time % Phy DF OF 
 1 Dominic Toninato         Michael Amadio           60     1   2  2  
 2 Nico Sturm               Filip Chlapik            40     1   2  2  

4 vs 4 Defense
   Defense                  Defense                  Time % Phy DF OF 
 1 Oliver Kylington         Ben Thomas               60     1   2  2  
 2 Frederic Allard          Devante Stephens         40     1   2  2  

Last Minutes Offensive
   Center                   Left Wing                Right Wing               Defense                  Defense                  
   Dominic Toninato         Eeli Tolvanen            Cole Bardreau            Oliver Kylington         Ben Thomas               

Last Minutes Defensive
   Center                   Left Wing                Right Wing               Defense                  Defense                  
   Dominic Toninato         Eeli Tolvanen            Cole Bardreau            Oliver Kylington         Ben Thomas               

Goaltenders
Starting : Max Lagace               
Backup : Casey DeSmith            

Extra Forwards
Normal : Tommy Novak, Anthony Angello, Fabian Zetterlund - PP : Tommy Novak, Anthony Angello - PK : Fabian Zetterlund
Extra Defensemen
Normal : Sebastian AhoD, Andrew Nielsen, Frederic Allard - PP : Sebastian AhoD - PK : Andrew Nielsen, Frederic Allard
Penalty Shots
Dominic Toninato, Michael Amadio, Nico Sturm, Filip Chlapik, Tommy Novak

Scratches
John Stevens (Healthy), Justin Almeida (Healthy), Ryan Collins (Healthy), Jake Leschyshyn (Healthy), Macoy Erkamps (Healthy)
Josh Melnick (Healthy)

Manchester Monarchs

5 vs 5 Forward 
   Center                   Left Wing                Right Wing               Time % Phy DF OF 
 1 Egor Sharangovich        Milan Lucic              Mason Appleton           33     0   0  5  
 2 Victor Rask              Alexandre Texier         Dmytro Timashov          29     0   0  5  
 3 Vladimir Sobotka         Brandon Hagel            Tom Kuhnhackl            25     0   2  3  
 4 Philipp Kurashev         Connor Bunnaman          Lukas Jasek              13     1   3  1  

5 vs 5 Defense 
   Defense                  Defense                                           Time % Phy DF OF 
 1 Nicolas Hague            Ilya Lyubushkin                                   41     0   1  4  
 2 Karl Alzner              Brad Hunt                                         39     0   1  4  
 3 Kevin Gravel             Nick Seeler                                       20     1   3  1  
 4 Karl Alzner              Ilya Lyubushkin                                   0      1   2  2  

PowerPlay Forward 
   Center                   Left Wing                Right Wing               Time % Phy DF OF 
 1 Egor Sharangovich        Milan Lucic              Mason Appleton           65     0   0  5  
 2 Victor Rask              Alexandre Texier         Dmytro Timashov          35     0   0  5  

PowerPlay Defense
   Defense                  Defense                                           Time % Phy DF OF 
 1 Nicolas Hague            Ilya Lyubushkin                                   55     1   1  3  
 2 Karl Alzner              Brad Hunt                                         45     1   1  3  

Penalty Kill 4 Players Forward 
   Center                   Wing                     Time % Phy DF OF 
 1 Vladimir Sobotka         Tom Kuhnhackl            60     1   4  0  
 2 Egor Sharangovich        Mason Appleton           40     1   4  0  

Penalty Kill 4 Players Defense
   Defense                  Defense                  Time % Phy DF OF 
 1 Karl Alzner              Ilya Lyubushkin          55     1   4  0  
 2 Nick Seeler              Kevin Gravel             45     1   4  0  

Penalty Kill - 3 Players Forward 
   Forward                                           Time % Phy DF OF 
 1 Vladimir Sobotka                                  60     0   5  0  
 2 Philipp Kurashev                                  40     0   5  0  

Penalty Kill - 3 Players Defense
   Defense                  Defense                  Time % Phy DF OF 
 1 Karl Alzner              Ilya Lyubushkin          60     1   4  0  
 2 Nick Seeler              Kevin Gravel             40     1   4  0  

4 vs 4 Forward 
   Center                   Wing                     Time % Phy DF OF 
 1 Egor Sharangovich        Milan Lucic              60     0   0  5  
 2 Victor Rask              Alexandre Texier         40     0   0  5  

4 vs 4 Defense
   Defense                  Defense                  Time % Phy DF OF 
 1 Nicolas Hague            Ilya Lyubushkin          55     1   1  3  
 2 Karl Alzner              Brad Hunt                45     1   1  3  

Last Minutes Offensive
   Center                   Left Wing                Right Wing               Defense                  Defense                  
   Egor Sharangovich        Milan Lucic              Mason Appleton           Nicolas Hague            Ilya Lyubushkin          

Last Minutes Defensive
   Center                   Left Wing                Right Wing               Defense                  Defense                  
   Victor Rask              Alexandre Texier         Dmytro Timashov          Karl Alzner              Brad Hunt                

Goaltenders
Starting : Jonas Johansson          
Backup : Scott Wedgewood          

Extra Forwards
Normal : Egor Sharangovich, Dmytro Timashov, Milan Lucic - PP : Dmytro Timashov, Milan Lucic - PK : Brandon Hagel
Extra Defensemen
Normal : Karl Alzner, Ilya Lyubushkin, Nicolas Hague - PP : Kevin Gravel - PK : Karl Alzner, Brad Hunt
Penalty Shots
Brandon Hagel, Philipp Kurashev, Egor Sharangovich, Kevin Gravel, Victor Rask

Scratches
Joona Luoto (Healthy), Kirill Maksimov (Healthy), Brady Keeper (Healthy), Jake Christiansen (Healthy), Andrew Poturalski (Healthy)
Louie Belpedio (Healthy), Jakub Skarek (Healthy), Kevin Boyle (Healthy)

% Time on Ice - Portland Pirates

Lines # - Real PCT - Wanted PCT - Time Play
Normal Forward
1 - 34% - 40% - 18:30
2 - 31% - 30% - 16:48
3 - 29% - 20% - 16:08
4 - 6% - 10% - 3:24
Normal Defense
1 - 37% - 40% - 20:33
2 - 33% - 30% - 18:02
3 - 25% - 20% - 13:28
4 - 5% - 10% - 2:47
PP Forward
1 - 54% - 60% - 2:09
2 - 46% - 40% - 1:52
PP Defense
1 - 48% - 60% - 1:56
2 - 52% - 40% - 2:05
PK Forward
1 - 100% - 60% - 1:09
2 - 0% - 40% - 0:00
PK Defense
1 - 100% - 60% - 1:09
2 - 0% - 40% - 0:00
PK3 Forward
1 - 0% - 60%
2 - 0% - 40%
PK3 Defense
1 - 0% - 60%
2 - 0% - 40%
44 Forward
1 - 0% - 60%
2 - 0% - 40%
44 Defense
1 - 0% - 60%
2 - 0% - 40%
Last Minute Offensive  - 0:00
Last Minute Defensive  - 0:00
Total
Forward - 60:00
Defense - 60:00

% Time on Ice - Manchester Monarchs

Lines # - Real PCT - Wanted PCT - Time Play
Normal Forward
1 - 33% - 33% - 17:52
2 - 28% - 29% - 15:28
3 - 24% - 25% - 13:12
4 - 15% - 13% - 8:18
Normal Defense
1 - 42% - 41% - 23:05
2 - 36% - 39% - 19:29
3 - 21% - 20% - 11:17
4 - 2% - 0% - 0:59
PP Forward
1 - 78% - 65% - 0:54
2 - 22% - 35% - 0:15
PP Defense
1 - 83% - 55% - 0:57
2 - 17% - 45% - 0:12
PK Forward
1 - 74% - 60% - 2:59
2 - 26% - 40% - 1:02
PK Defense
1 - 51% - 55% - 2:04
2 - 49% - 45% - 1:57
PK3 Forward
1 - 0% - 60%
2 - 0% - 40%
PK3 Defense
1 - 0% - 60%
2 - 0% - 40%
44 Forward
1 - 0% - 60%
2 - 0% - 40%
44 Defense
1 - 0% - 55%
2 - 0% - 45%
Last Minute Offensive  - 0:00
Last Minute Defensive  - 0:00
Total
Forward - 60:00
Defense - 60:00

Play-by-Play

1st period


0:01 of 1st period - Dominic Toninato wins face-off versus Egor Sharangovich in neutral zone.
0:04 of 1st period - Eeli Tolvanen is hit by Ilya Lyubushkin and loses puck.
0:26 of 1st period - Alexandre Texier is hit by Lukas Vejdemo and loses puck.
1:29 of 1st period - Philipp Kurashev is hit by Cole Bardreau and loses puck.
1:57 of 1st period - Snap shot by Victor Rask.
1:57 of 1st period - Stopped by Max Lagace without a rebound.
1:58 of 1st period - Vladimir Sobotka wins face-off versus Michael Amadio in Portland Pirates zone.
2:23 of 1st period - Michael Amadio is hit by Ilya Lyubushkin and loses puck.
3:32 of 1st period - Ben Thomas is hit by Brandon Hagel and loses puck.
4:12 of 1st period - Wrist shot by Alexandre Texier.
4:12 of 1st period - Stopped by Max Lagace without a rebound.
4:13 of 1st period - Dominic Toninato wins face-off versus Egor Sharangovich in Portland Pirates zone.
4:18 of 1st period - Milan Lucic is hit by Eeli Tolvanen and loses puck.
4:55 of 1st period - Wrist shot by Nico Sturm.
4:55 of 1st period - Stopped by Jonas Johansson with a rebound.
4:57 of 1st period - Snap shot by Nico Sturm.
4:57 of 1st period - Stopped by Jonas Johansson with a rebound.
4:59 of 1st period - Wrist shot by Nico Sturm.
4:59 of 1st period - Goal by Nico Sturm - Portland Pirates : 1 - Manchester Monarchs : 0.
5:00 of 1st period - Dominic Toninato wins face-off versus Egor Sharangovich in neutral zone.
5:50 of 1st period - Ilya Lyubushkin is hit by Nico Sturm and loses puck.
6:41 of 1st period - Lukas Vejdemo is hit by Milan Lucic.
6:53 of 1st period - Michael Amadio is hit by Vladimir Sobotka.
7:16 of 1st period - Alexandre Texier is hit by Fabian Zetterlund and loses puck.
9:15 of 1st period - Icing by Connor Bunnaman.
9:16 of 1st period - Milan Lucic wins face-off versus Nico Sturm in Manchester Monarchs zone.
9:38 of 1st period - Eeli Tolvanen is hit by Dmytro Timashov and loses puck.
9:53 of 1st period - Ben Thomas is hit by Nicolas Hague and loses puck.
10:15 of 1st period - Off-side.
10:16 of 1st period - Philipp Kurashev wins face-off versus Nico Sturm in neutral zone.
10:27 of 1st period - Snap shot by Nico Sturm.
10:27 of 1st period - Stopped by Jonas Johansson with a rebound.
10:29 of 1st period - Slapshot by David Kase.
10:29 of 1st period - Shot Misses the Net.
10:31 of 1st period - Slapshot by Devante Stephens.
10:31 of 1st period - Stopped by Jonas Johansson without a rebound.
10:32 of 1st period - Dominic Toninato wins face-off versus Egor Sharangovich in Manchester Monarchs zone.
10:33 of 1st period - Wrist shot by Cole Bardreau.
10:33 of 1st period - Shot Misses the Net.
10:35 of 1st period - Backhand shot by Cole Bardreau.
10:35 of 1st period - Stopped by Jonas Johansson without a rebound.
10:36 of 1st period - Egor Sharangovich wins face-off versus Eeli Tolvanen in Manchester Monarchs zone.
11:28 of 1st period - Minor Penalty to Vladimir Sobotka for Slashing.
11:29 of 1st period - Dominic Toninato wins face-off versus Brandon Hagel in Manchester Monarchs zone.
11:31 of 1st period - Wrist shot by Eeli Tolvanen.
11:31 of 1st period - Goal by Eeli Tolvanen - Portland Pirates : 2 - Manchester Monarchs : 0.
11:32 of 1st period - Dominic Toninato wins face-off versus Egor Sharangovich in neutral zone.
11:39 of 1st period - Snap shot by Eeli Tolvanen.
11:39 of 1st period - Shot Misses the Net.
12:10 of 1st period - Dmytro Timashov is hit by John Quenneville and loses puck.
12:25 of 1st period - Snap shot by David Kase.
12:25 of 1st period - Shot Misses the Net.
12:27 of 1st period - Snap shot by Nico Sturm.
12:27 of 1st period - Deflect By David Kase.
12:27 of 1st period - Shot Blocked by Alexandre Texier.
12:27 of 1st period - Puck is out of play.
12:28 of 1st period - Egor Sharangovich wins face-off versus Nico Sturm in Manchester Monarchs zone.
13:00 of 1st period - Snap shot by Vladimir Sobotka.
13:00 of 1st period - Shot Blocked by Andrew Nielsen.
13:06 of 1st period - Snap shot by Cole Bardreau.
13:06 of 1st period - Shot Misses the Net.
14:22 of 1st period - Snap shot by Nicolas Hague.
14:22 of 1st period - Shot Blocked by Devante Stephens.
14:24 of 1st period - Backhand shot by Ilya Lyubushkin.
14:24 of 1st period - Shot Misses the Net.
14:26 of 1st period - Slapshot by Connor Bunnaman.
14:26 of 1st period - Shot Blocked by John Quenneville.
14:28 of 1st period - Slapshot by Karl Alzner.
14:28 of 1st period - Shot Blocked by Michael Amadio.
14:30 of 1st period - Slapshot by Brad Hunt.
14:30 of 1st period - Deflect By Philipp Kurashev.
14:30 of 1st period - Stopped by Max Lagace without a rebound.
14:31 of 1st period - Nico Sturm wins face-off versus Egor Sharangovich in Portland Pirates zone.
14:31 of 1st period - Nico Sturm is hit by Egor Sharangovich.
14:43 of 1st period - Wrist shot by Mason Appleton.
14:43 of 1st period - Stopped by Max Lagace with a rebound.
14:57 of 1st period - Brad Hunt is hit by Cole Bardreau and loses puck.
15:11 of 1st period - Off-side.
15:12 of 1st period - Victor Rask wins face-off versus John Quenneville in neutral zone.
15:22 of 1st period - Snap shot by Michael Amadio.
15:22 of 1st period - Shot Misses the Net.
15:24 of 1st period - Slapshot by Ben Thomas.
15:24 of 1st period - Stopped by Jonas Johansson without a rebound.
15:25 of 1st period - Dominic Toninato wins face-off versus Milan Lucic in Manchester Monarchs zone.
15:28 of 1st period - Wrist shot by Cole Bardreau.
15:28 of 1st period - Shot Misses the Net.
15:30 of 1st period - Slapshot by Dominic Toninato.
15:30 of 1st period - Deflect By Eeli Tolvanen.
15:30 of 1st period - Deflect By Milan Lucic.
15:30 of 1st period - Stopped by Jonas Johansson without a rebound.
15:31 of 1st period - Dominic Toninato wins face-off versus Egor Sharangovich in Manchester Monarchs zone.
16:17 of 1st period - Snap shot by Brandon Hagel.
16:17 of 1st period - Shot Misses the Net.
16:19 of 1st period - Snap shot by Vladimir Sobotka.
16:19 of 1st period - Shot Misses the Net.
16:50 of 1st period - Cole Bardreau is hit by Connor Bunnaman and loses puck.
17:11 of 1st period - Icing by Nick Seeler.
17:12 of 1st period - Egor Sharangovich wins face-off versus Fabian Zetterlund in Manchester Monarchs zone.
17:17 of 1st period - Slapshot by Nico Sturm.
17:17 of 1st period - Stopped by Jonas Johansson without a rebound.
17:18 of 1st period - Nico Sturm wins face-off versus Victor Rask in Manchester Monarchs zone.
17:42 of 1st period - Off-side.
17:43 of 1st period - Egor Sharangovich wins face-off versus Dominic Toninato in neutral zone.
17:50 of 1st period - Snap shot by Milan Lucic.
17:50 of 1st period - Stopped by Max Lagace without a rebound.
17:51 of 1st period - Vladimir Sobotka wins face-off versus Dominic Toninato in Portland Pirates zone.
17:54 of 1st period - Snap shot by Tom Kuhnhackl.
17:54 of 1st period - Stopped by Max Lagace with a rebound.
18:00 of 1st period - Snap shot by Vladimir Sobotka.
18:00 of 1st period - Stopped by Max Lagace with a rebound.
18:02 of 1st period - Wrist shot by Tom Kuhnhackl.
18:02 of 1st period - Stopped by Max Lagace with a rebound.
18:04 of 1st period - Wrist shot by Vladimir Sobotka.
18:04 of 1st period - Shot Misses the Net.
18:06 of 1st period - Slapshot by Ilya Lyubushkin.
18:06 of 1st period - Shot Misses the Net.
18:18 of 1st period - Snap shot by Mason Appleton.
18:18 of 1st period - Shot Blocked by Andrew Nielsen.
18:24 of 1st period - Wrist shot by Mason Appleton.
18:24 of 1st period - Stopped by Max Lagace without a rebound.
18:25 of 1st period - Victor Rask wins face-off versus Dominic Toninato in Portland Pirates zone.
18:28 of 1st period - Slapshot by Dmytro Timashov.
18:28 of 1st period - Shot Blocked by Ben Thomas.
18:50 of 1st period - Nico Sturm is hit by Tom Kuhnhackl and loses puck.
18:59 of 1st period - Slapshot by Ben Thomas.
18:59 of 1st period - Shot Misses the Net.
Goals for this period are 2 for Portland Pirates vs 0 for Manchester Monarchs.
Shots for this period are 10 for Portland Pirates vs 9 for Manchester Monarchs.

2nd period


0:01 of 2nd period - Victor Rask wins face-off versus Dominic Toninato in neutral zone.
0:04 of 2nd period - Cole Bardreau is hit by Dmytro Timashov.
0:26 of 2nd period - Ben Thomas is hit by Nicolas Hague and loses puck.
1:30 of 2nd period - Snap shot by Dominic Toninato.
1:30 of 2nd period - Stopped by Jonas Johansson with a rebound.
1:42 of 2nd period - Snap shot by Mason Appleton.
1:42 of 2nd period - Shot Misses the Net.
2:01 of 2nd period - Off-side.
2:02 of 2nd period - Dominic Toninato wins face-off versus Victor Rask in neutral zone.
2:29 of 2nd period - David Kase is hit by Brandon Hagel and loses puck.
2:50 of 2nd period - Mason Appleton is hit by John Quenneville and loses puck.
3:15 of 2nd period - Wrist shot by Alexandre Texier.
3:15 of 2nd period - Stopped by Max Lagace with a rebound.
3:17 of 2nd period - Snap shot by Nicolas Hague.
3:17 of 2nd period - Shot Misses the Net.
3:19 of 2nd period - Slapshot by Ilya Lyubushkin.
3:19 of 2nd period - Shot Misses the Net.
3:21 of 2nd period - Backhand shot by Dmytro Timashov.
3:21 of 2nd period - Stopped by Max Lagace with a rebound.
3:23 of 2nd period - Snap shot by Dmytro Timashov.
3:23 of 2nd period - Stopped by Max Lagace without a rebound.
3:24 of 2nd period - Vladimir Sobotka wins face-off versus Michael Amadio in Portland Pirates zone.
3:25 of 2nd period - Slapshot by Tom Kuhnhackl.
3:25 of 2nd period - Shot Misses the Net.
3:50 of 2nd period - Karl Alzner is hit by Dominic Toninato and loses puck.
4:01 of 2nd period - Slapshot by Brad Hunt.
4:01 of 2nd period - Deflect By Alexandre Texier.
4:01 of 2nd period - Stopped by Max Lagace without a rebound.
4:02 of 2nd period - Egor Sharangovich wins face-off versus Lukas Vejdemo in Portland Pirates zone.
4:05 of 2nd period - Snap shot by Mason Appleton.
4:05 of 2nd period - Shot Blocked by Sebastian AhoD.
4:07 of 2nd period - Slapshot by Milan Lucic.
4:07 of 2nd period - Stopped by Max Lagace with a rebound.
4:09 of 2nd period - Wrist shot by Mason Appleton.
4:09 of 2nd period - Stopped by Max Lagace with a rebound.
4:17 of 2nd period - Ilya Lyubushkin is hit by Andrew Nielsen and loses puck.
4:30 of 2nd period - Snap shot by Alexandre Texier.
4:30 of 2nd period - Stopped by Max Lagace with a rebound.
4:32 of 2nd period - Snap shot by Victor Rask.
4:32 of 2nd period - Shot Misses the Net.
4:34 of 2nd period - Snap shot by Alexandre Texier.
4:34 of 2nd period - Shot Misses the Net.
4:36 of 2nd period - Slapshot by Ilya Lyubushkin.
4:36 of 2nd period - Shot Misses the Net.
4:38 of 2nd period - Snap shot by Nicolas Hague.
4:38 of 2nd period - Shot Misses the Net.
4:40 of 2nd period - Snap shot by Nicolas Hague.
4:40 of 2nd period - Shot Blocked by Andrew Nielsen.
4:58 of 2nd period - Snap shot by Fabian Zetterlund.
4:58 of 2nd period - Stopped by Jonas Johansson with a rebound.
5:18 of 2nd period - Snap shot by Philipp Kurashev.
5:18 of 2nd period - Stopped by Max Lagace with a rebound.
5:34 of 2nd period - Wrist shot by Michael Amadio.
5:34 of 2nd period - Shot Misses the Net.
5:40 of 2nd period - Slapshot by Michael Amadio.
5:40 of 2nd period - Goal by Michael Amadio - Portland Pirates : 3 - Manchester Monarchs : 0.
5:41 of 2nd period - Victor Rask wins face-off versus Dominic Toninato in neutral zone.
6:26 of 2nd period - Slapshot by Nicolas Hague.
6:26 of 2nd period - Shot Misses the Net.
6:28 of 2nd period - Slapshot by Brandon Hagel.
6:28 of 2nd period - Stopped by Max Lagace with a rebound.
6:32 of 2nd period - Snap shot by Vladimir Sobotka.
6:32 of 2nd period - Stopped by Max Lagace without a rebound.
6:33 of 2nd period - Victor Rask wins face-off versus Dominic Toninato in Portland Pirates zone.
6:34 of 2nd period - Slapshot by Alexandre Texier.
6:34 of 2nd period - Shot Blocked by Ben Thomas.
6:36 of 2nd period - Slapshot by Brad Hunt.
6:36 of 2nd period - Shot Misses the Net.
6:38 of 2nd period - Slapshot by Brad Hunt.
6:38 of 2nd period - Stopped by Max Lagace with a rebound.
6:40 of 2nd period - Wrist shot by Victor Rask.
6:40 of 2nd period - Shot Blocked by Ben Thomas.
6:42 of 2nd period - Snap shot by Dmytro Timashov.
6:42 of 2nd period - Shot Blocked by Cole Bardreau.
6:44 of 2nd period - Slapshot by Karl Alzner.
6:44 of 2nd period - Deflect By Eeli Tolvanen.
6:44 of 2nd period - Stopped by Max Lagace with a rebound.
6:46 of 2nd period - Snap shot by Dmytro Timashov.
6:46 of 2nd period - Stopped by Max Lagace without a rebound.
6:47 of 2nd period - Dominic Toninato wins face-off versus Egor Sharangovich in Portland Pirates zone.
6:56 of 2nd period - Snap shot by Cole Bardreau.
6:56 of 2nd period - Stopped by Jonas Johansson with a rebound.
6:58 of 2nd period - Wrist shot by Eeli Tolvanen.
6:58 of 2nd period - Shot Misses the Net.
7:00 of 2nd period - Snap shot by Cole Bardreau.
7:00 of 2nd period - Stopped by Jonas Johansson with a rebound.
7:02 of 2nd period - Slapshot by Eeli Tolvanen.
7:02 of 2nd period - Shot Blocked by Brad Hunt.
7:41 of 2nd period - Slapshot by Nico Sturm.
7:41 of 2nd period - Stopped by Jonas Johansson without a rebound.
7:42 of 2nd period - Egor Sharangovich wins face-off versus Eeli Tolvanen in Manchester Monarchs zone.
7:51 of 2nd period - Mason Appleton is hit by Devante Stephens and loses puck.
8:54 of 2nd period - Wrist shot by Dominic Toninato.
8:54 of 2nd period - Deflect By Eeli Tolvanen.
8:54 of 2nd period - Stopped by Jonas Johansson with a rebound.
8:56 of 2nd period - Snap shot by Eeli Tolvanen.
8:56 of 2nd period - Stopped by Jonas Johansson without a rebound.
8:57 of 2nd period - Dominic Toninato wins face-off versus Egor Sharangovich in Manchester Monarchs zone.
9:01 of 2nd period - Minor Penalty to Milan Lucic for Hooking.
9:02 of 2nd period - Vladimir Sobotka wins face-off versus Dominic Toninato in Manchester Monarchs zone.
9:40 of 2nd period - Snap shot by Michael Amadio.
9:40 of 2nd period - Shot Misses the Net.
10:27 of 2nd period - Lukas Vejdemo is hit by Kevin Gravel.
10:37 of 2nd period - Slapshot by Mason Appleton.
10:37 of 2nd period - Stopped by Max Lagace with a rebound.
11:01 of 2nd period - Penalty to Milan Lucic is over, Milan Lucic is back on ice.
11:05 of 2nd period - Slapshot by Nico Sturm.
11:05 of 2nd period - Shot Blocked by Karl Alzner.
11:09 of 2nd period - Snap shot by Nico Sturm.
11:09 of 2nd period - Shot Misses the Net.
11:11 of 2nd period - Slapshot by Andrew Nielsen.
11:11 of 2nd period - Shot Misses the Net.
11:13 of 2nd period - Slapshot by Andrew Nielsen.
11:13 of 2nd period - Shot Misses the Net.
11:15 of 2nd period - Wrist shot by David Kase.
11:15 of 2nd period - Shot Blocked by Karl Alzner.
11:17 of 2nd period - Snap shot by Fabian Zetterlund.
11:17 of 2nd period - Stopped by Jonas Johansson with a rebound.
11:33 of 2nd period - Wrist shot by Alexandre Texier.
11:33 of 2nd period - Shot Misses the Net.
11:35 of 2nd period - Snap shot by Dmytro Timashov.
11:35 of 2nd period - Shot Misses the Net.
11:58 of 2nd period - Dominic Toninato is hit by Nick Seeler and loses puck.
12:36 of 2nd period - Milan Lucic is hit by Lukas Vejdemo and loses puck.
14:00 of 2nd period - Snap shot by Mason Appleton.
14:00 of 2nd period - Goal by Mason Appleton - Portland Pirates : 3 - Manchester Monarchs : 1.
14:01 of 2nd period - Egor Sharangovich wins face-off versus Dominic Toninato in neutral zone.
14:26 of 2nd period - Oliver Kylington is hit by Alexandre Texier and loses puck.
14:35 of 2nd period - Backhand shot by Dominic Toninato.
14:35 of 2nd period - Stopped by Jonas Johansson with a rebound.
14:39 of 2nd period - Slapshot by Dominic Toninato.
14:39 of 2nd period - Shot Misses the Net.
14:41 of 2nd period - Slapshot by Eeli Tolvanen.
14:41 of 2nd period - Shot Misses the Net.
14:43 of 2nd period - Slapshot by Devante Stephens.
14:43 of 2nd period - Deflect By Dominic Toninato.
14:43 of 2nd period - Stopped by Jonas Johansson with a rebound.
14:45 of 2nd period - Slapshot by Frederic Allard.
14:45 of 2nd period - Shot Misses the Net.
14:47 of 2nd period - Slapshot by Frederic Allard.
14:47 of 2nd period - Stopped by Jonas Johansson with a rebound.
14:49 of 2nd period - Slapshot by Frederic Allard.
14:49 of 2nd period - Shot Misses the Net.
14:51 of 2nd period - Wrist shot by Cole Bardreau.
14:51 of 2nd period - Deflect By Eeli Tolvanen.
14:51 of 2nd period - Stopped by Jonas Johansson with a rebound.
14:59 of 2nd period - Backhand shot by Dominic Toninato.
14:59 of 2nd period - Stopped by Jonas Johansson without a rebound.
15:00 of 2nd period - Vladimir Sobotka wins face-off versus Michael Amadio in Manchester Monarchs zone.
15:09 of 2nd period - Lukas Vejdemo is hit by Tom Kuhnhackl and loses puck.
16:13 of 2nd period - Snap shot by Victor Rask.
16:13 of 2nd period - Shot Misses the Net.
16:27 of 2nd period - Eeli Tolvanen is hit by Brandon Hagel and loses puck.
16:32 of 2nd period - Snap shot by Tom Kuhnhackl.
16:32 of 2nd period - Stopped by Max Lagace without a rebound.
16:33 of 2nd period - Michael Amadio wins face-off versus Egor Sharangovich in Portland Pirates zone.
17:19 of 2nd period - Frederic Allard is hit by Dmytro Timashov and loses puck.
17:24 of 2nd period - Backhand shot by Alexandre Texier.
17:24 of 2nd period - Stopped by Max Lagace without a rebound.
17:25 of 2nd period - Egor Sharangovich wins face-off versus Michael Amadio in Portland Pirates zone.
17:30 of 2nd period - Wrist shot by Mason Appleton.
17:30 of 2nd period - Deflect By Michael Amadio.
17:30 of 2nd period - Stopped by Max Lagace with a rebound.
17:46 of 2nd period - Devante Stephens is hit by Karl Alzner.
18:08 of 2nd period - Milan Lucic is hit by Eeli Tolvanen and loses puck.
18:32 of 2nd period - Tom Kuhnhackl is hit by David Kase.
19:22 of 2nd period - Icing by Lukas Jasek.
19:23 of 2nd period - Fabian Zetterlund wins face-off versus Vladimir Sobotka in Manchester Monarchs zone.
19:24 of 2nd period - Snap shot by Nico Sturm.
19:24 of 2nd period - Shot Misses the Net.
19:26 of 2nd period - Wrist shot by Fabian Zetterlund.
19:26 of 2nd period - Shot Blocked by Tom Kuhnhackl.
19:28 of 2nd period - Slapshot by Andrew Nielsen.
19:28 of 2nd period - Stopped by Jonas Johansson without a rebound.
19:29 of 2nd period - David Kase wins face-off versus Vladimir Sobotka in Manchester Monarchs zone.
19:30 of 2nd period - Wrist shot by Nico Sturm.
19:30 of 2nd period - Stopped by Jonas Johansson without a rebound.
19:31 of 2nd period - Victor Rask wins face-off versus Dominic Toninato in Manchester Monarchs zone.
19:56 of 2nd period - Snap shot by Michael Amadio.
19:56 of 2nd period - Stopped by Jonas Johansson without a rebound.
19:57 of 2nd period - Egor Sharangovich wins face-off versus Michael Amadio in Manchester Monarchs zone.
Goals for this period are 1 for Portland Pirates vs 1 for Manchester Monarchs.
Shots for this period are 17 for Portland Pirates vs 18 for Manchester Monarchs.

3rd period


0:01 of 3rd period - Dominic Toninato wins face-off versus Vladimir Sobotka in neutral zone.
0:26 of 3rd period - Ben Thomas is hit by Milan Lucic and loses puck.
0:33 of 3rd period - Snap shot by Milan Lucic.
0:33 of 3rd period - Shot Blocked by Oliver Kylington.
0:35 of 3rd period - Slapshot by Ilya Lyubushkin.
0:35 of 3rd period - Deflect By Ben Thomas.
0:35 of 3rd period - Stopped by Max Lagace with a rebound.
0:37 of 3rd period - Slapshot by Nicolas Hague.
0:37 of 3rd period - Shot Misses the Net.
0:39 of 3rd period - Snap shot by Egor Sharangovich.
0:39 of 3rd period - Shot Misses the Net.
1:44 of 3rd period - Andrew Nielsen is hit by Karl Alzner and loses puck.
1:53 of 3rd period - Snap shot by Milan Lucic.
1:53 of 3rd period - Deflect By Egor Sharangovich.
1:53 of 3rd period - Shot Misses the Net.
1:53 of 3rd period - Puck is out of play.
1:54 of 3rd period - Victor Rask wins face-off versus Michael Amadio in Portland Pirates zone.
1:55 of 3rd period - Slapshot by Alexandre Texier.
1:55 of 3rd period - Shot Misses the Net.
1:57 of 3rd period - Wrist shot by Nick Seeler.
1:57 of 3rd period - Stopped by Max Lagace without a rebound.
1:58 of 3rd period - Victor Rask wins face-off versus Lukas Vejdemo in Portland Pirates zone.
2:08 of 3rd period - Minor Penalty to Lukas Vejdemo for Hooking.
2:09 of 3rd period - Dominic Toninato wins face-off versus Egor Sharangovich in Portland Pirates zone.
2:19 of 3rd period - Michael Amadio is hit by Mason Appleton.
2:45 of 3rd period - Snap shot by Alexandre Texier.
2:45 of 3rd period - Stopped by Max Lagace with a rebound.
2:47 of 3rd period - Snap shot by Victor Rask.
2:47 of 3rd period - Goal by Victor Rask - Portland Pirates : 3 - Manchester Monarchs : 2.
2:48 of 3rd period - Egor Sharangovich wins face-off versus Dominic Toninato in neutral zone.
2:48 of 3rd period - Egor Sharangovich is hit by Eeli Tolvanen.
2:52 of 3rd period - Slapshot by Mason Appleton.
2:52 of 3rd period - Stopped by Max Lagace with a rebound.
2:54 of 3rd period - Minor Penalty to Dominic Toninato for Kneeing.
2:55 of 3rd period - Egor Sharangovich wins face-off versus Fabian Zetterlund in Portland Pirates zone.
3:00 of 3rd period - Snap shot by Milan Lucic.
3:00 of 3rd period - Stopped by Max Lagace without a rebound.
3:01 of 3rd period - Fabian Zetterlund wins face-off versus Mason Appleton in Portland Pirates zone.
3:10 of 3rd period - Snap shot by Nicolas Hague.
3:10 of 3rd period - Shot Misses the Net.
3:12 of 3rd period - Slapshot by Ilya Lyubushkin.
3:12 of 3rd period - Stopped by Max Lagace with a rebound.
3:14 of 3rd period - Wrist shot by Egor Sharangovich.
3:14 of 3rd period - Stopped by Max Lagace with a rebound.
3:16 of 3rd period - Slapshot by Nicolas Hague.
3:16 of 3rd period - Goal by Nicolas Hague - Portland Pirates : 3 - Manchester Monarchs : 3.
3:17 of 3rd period - Egor Sharangovich wins face-off versus Dominic Toninato in neutral zone.
3:32 of 3rd period - Oliver Kylington is hit by Milan Lucic and loses puck.
3:50 of 3rd period - Wrist shot by Dmytro Timashov.
3:50 of 3rd period - Shot Blocked by Ben Thomas.
3:52 of 3rd period - Slapshot by Victor Rask.
3:52 of 3rd period - Shot Hit the Post.
4:41 of 3rd period - Snap shot by Milan Lucic.
4:41 of 3rd period - Stopped by Max Lagace without a rebound.
4:42 of 3rd period - Egor Sharangovich wins face-off versus Dominic Toninato in Portland Pirates zone.
4:51 of 3rd period - Karl Alzner is hit by Dominic Toninato and loses puck.
5:16 of 3rd period - Wrist shot by Milan Lucic.
5:16 of 3rd period - Stopped by Max Lagace without a rebound.
5:17 of 3rd period - Victor Rask wins face-off versus Dominic Toninato in Portland Pirates zone.
5:18 of 3rd period - Snap shot by Dmytro Timashov.
5:18 of 3rd period - Shot Misses the Net.
5:42 of 3rd period - Slapshot by Michael Amadio.
5:42 of 3rd period - Shot Blocked by Brandon Hagel.
5:48 of 3rd period - Wrist shot by Tom Kuhnhackl.
5:48 of 3rd period - Shot Misses the Net.
5:50 of 3rd period - Wrist shot by Nicolas Hague.
5:50 of 3rd period - Stopped by Max Lagace with a rebound.
6:13 of 3rd period - Off-side.
6:14 of 3rd period - Dominic Toninato wins face-off versus Victor Rask in neutral zone.
6:17 of 3rd period - Wrist shot by Cole Bardreau.
6:17 of 3rd period - Goal by Cole Bardreau - Portland Pirates : 4 - Manchester Monarchs : 3.
6:18 of 3rd period - Dominic Toninato wins face-off versus Victor Rask in neutral zone.
6:44 of 3rd period - Snap shot by Michael Amadio.
6:44 of 3rd period - Deflect By John Quenneville.
6:44 of 3rd period - Deflect By Milan Lucic.
6:44 of 3rd period - Stopped by Jonas Johansson with a rebound.
6:46 of 3rd period - Slapshot by Devante Stephens.
6:46 of 3rd period - Deflect By Brad Hunt.
6:46 of 3rd period - Stopped by Jonas Johansson without a rebound.
6:47 of 3rd period - Michael Amadio wins face-off versus Egor Sharangovich in Manchester Monarchs zone.
7:31 of 3rd period - Wrist shot by Mason Appleton.
7:31 of 3rd period - Deflect By Frederic Allard.
7:31 of 3rd period - Stopped by Max Lagace with a rebound.
7:53 of 3rd period - Backhand shot by Mason Appleton.
7:53 of 3rd period - Shot Blocked by Michael Amadio.
8:02 of 3rd period - Off-side.
8:03 of 3rd period - Eeli Tolvanen wins face-off versus Vladimir Sobotka in neutral zone.
8:35 of 3rd period - Wrist shot by Fabian Zetterlund.
8:35 of 3rd period - Shot Blocked by Dmytro Timashov.
8:37 of 3rd period - Slapshot by Sebastian AhoD.
8:37 of 3rd period - Stopped by Jonas Johansson with a rebound.
8:39 of 3rd period - Slapshot by Fabian Zetterlund.
8:39 of 3rd period - Goal by Fabian Zetterlund - Portland Pirates : 5 - Manchester Monarchs : 3.
8:40 of 3rd period - Vladimir Sobotka wins face-off versus Dominic Toninato in neutral zone.
8:55 of 3rd period - Slapshot by Vladimir Sobotka.
8:55 of 3rd period - Shot Misses the Net.
9:05 of 3rd period - Dmytro Timashov is hit by David Kase and loses puck.
9:30 of 3rd period - Lukas Vejdemo is hit by Milan Lucic and loses puck.
9:45 of 3rd period - Slapshot by Oliver Kylington.
9:45 of 3rd period - Stopped by Jonas Johansson with a rebound.
9:47 of 3rd period - Minor Penalty to Nick Seeler for Hooking.
9:48 of 3rd period - Dominic Toninato wins face-off versus Vladimir Sobotka in Manchester Monarchs zone.
11:46 of 3rd period - Devante Stephens is hit by Karl Alzner and loses puck.
11:47 of 3rd period - Penalty to Nick Seeler is over, Nick Seeler is back on ice.
12:07 of 3rd period - Nick Seeler is hit by Frederic Allard and loses puck.
12:14 of 3rd period - Wrist shot by Nico Sturm.
12:14 of 3rd period - Shot Blocked by Nick Seeler.
12:32 of 3rd period - Michael Amadio is hit by Ilya Lyubushkin and loses puck.
13:02 of 3rd period - Icing by Nick Seeler.
13:03 of 3rd period - Nico Sturm wins face-off versus Philipp Kurashev in Manchester Monarchs zone.
13:06 of 3rd period - Snap shot by David Kase.
13:06 of 3rd period - Shot Misses the Net.
13:08 of 3rd period - Slapshot by Ben Thomas.
13:08 of 3rd period - Shot Blocked by Kevin Gravel.
13:30 of 3rd period - Slapshot by Connor Bunnaman.
13:30 of 3rd period - Shot Misses the Net.
14:07 of 3rd period - Snap shot by Victor Rask.
14:07 of 3rd period - Stopped by Max Lagace without a rebound.
14:08 of 3rd period - Victor Rask wins face-off versus Nico Sturm in Portland Pirates zone.
14:35 of 3rd period - Slapshot by John Quenneville.
14:35 of 3rd period - Shot Blocked by Victor Rask.
14:37 of 3rd period - Snap shot by John Quenneville.
14:37 of 3rd period - Stopped by Jonas Johansson with a rebound.
16:01 of 3rd period - Slapshot by Devante Stephens.
16:01 of 3rd period - Stopped by Jonas Johansson without a rebound.
16:02 of 3rd period - Dominic Toninato wins face-off versus Vladimir Sobotka in Manchester Monarchs zone.
16:03 of 3rd period - Snap shot by Eeli Tolvanen.
16:03 of 3rd period - Goal by Eeli Tolvanen - Portland Pirates : 6 - Manchester Monarchs : 3.
16:04 of 3rd period - Dominic Toninato wins face-off versus Vladimir Sobotka in neutral zone.
16:55 of 3rd period - Wrist shot by Nico Sturm.
16:55 of 3rd period - Stopped by Jonas Johansson with a rebound.
16:57 of 3rd period - Slapshot by Nico Sturm.
16:57 of 3rd period - Deflect By David Kase.
16:57 of 3rd period - Shot Misses the Net.
16:57 of 3rd period - Puck is out of play.
16:58 of 3rd period - Nico Sturm wins face-off versus Vladimir Sobotka in Manchester Monarchs zone.
17:02 of 3rd period - Icing by Ilya Lyubushkin.
17:03 of 3rd period - Dominic Toninato wins face-off versus Vladimir Sobotka in Manchester Monarchs zone.
17:32 of 3rd period - Oliver Kylington is hit by Milan Lucic and loses puck.
18:01 of 3rd period - Slapshot by Devante Stephens.
18:01 of 3rd period - Goal by Devante Stephens - Portland Pirates : 7 - Manchester Monarchs : 3.
18:02 of 3rd period - Vladimir Sobotka wins face-off versus Dominic Toninato in neutral zone.
18:11 of 3rd period - Tom Kuhnhackl is hit by Cole Bardreau and loses puck.
18:18 of 3rd period - Snap shot by Dominic Toninato.
18:18 of 3rd period - Shot Misses the Net.
18:50 of 3rd period - Karl Alzner is hit by David Kase and loses puck.
19:17 of 3rd period - Nicolas Hague is hit by Eeli Tolvanen and loses puck.
19:25 of 3rd period - Icing by Ilya Lyubushkin.
19:26 of 3rd period - Michael Amadio wins face-off versus Vladimir Sobotka in Manchester Monarchs zone.
19:37 of 3rd period - Slapshot by Lukas Vejdemo.
19:37 of 3rd period - Stopped by Jonas Johansson without a rebound.
19:38 of 3rd period - Vladimir Sobotka wins face-off versus Dominic Toninato in Manchester Monarchs zone.
19:42 of 3rd period - Icing by Nicolas Hague.
19:43 of 3rd period - Dominic Toninato wins face-off versus Vladimir Sobotka in Manchester Monarchs zone.
19:50 of 3rd period - Slapshot by Vladimir Sobotka.
19:50 of 3rd period - Stopped by Max Lagace with a rebound.
19:51 of 3rd period - Brandon Hagel and Ben Thomas fight to a draw.
19:51 of 3rd period - Penalty to Brandon Hagel for Fighting.
19:51 of 3rd period - Penalty to Ben Thomas for Fighting.
19:51 of 3rd period - Penalty to Ben Thomas for instigated a fight.
19:51 of 3rd period - Penalty to Ben Thomas for instigated a fight.
19:52 of 3rd period - Egor Sharangovich wins face-off versus Dominic Toninato in Portland Pirates zone.
Goals for this period are 4 for Portland Pirates vs 2 for Manchester Monarchs.
Shots for this period are 12 for Portland Pirates vs 15 for Manchester Monarchs.